 Dungeon Crawl Stone Soup version 0.30.1-11-g7821555f0a (webtiles) character file.

Game seed: 13072429908426054440

2816 porpoise the Skirmisher (level 9, -7/82 HPs)
             Began as a Minotaur Hunter on Dec 27, 2023.
             Killed from afar by Maggie (27 damage)
             ... with a bolt of fire
             ... on level 6 of the Dungeon.
             The game lasted 00:13:50 (6227 turns).

porpoise the Skirmisher (Minotaur Hunter)           Turns: 6227, Time: 00:13:51

Health: -7/82      AC: 11    Str: 15    XL:     9   Next: 44%
Magic:  8/8        EV: 11    Int:  6    God:
Gold:   286        SH:  0    Dex: 19    Spells: 8/8 levels left

rFire   . . .        a - +0 shortbow
rCold   . . .        (shield currently unavailable)
rNeg    . . .        z - quicksilver dragon scales
rPois   .            (helmet restricted)
rElec   .            (no cloak)
rCorr   .            (no gloves)
SInv    .            (no boots)
Will    +....        A - amulet of the acrobat
Stlth   +            (no ring)
HPRegen 0.33/turn    (no ring)
MPRegen 0.11/turn

%: acrobat
@: mesmerised
A: horns 2, retaliatory headbutt
a: no special abilities


You were on level 6 of the Dungeon.
You visited 1 branch of the dungeon, and saw 6 of its levels.

You collected 286 gold pieces.

Inventory:

Hand Weapons
 a - a +0 shortbow (weapon)
 b - a +3 morningstar of freezing
 w - a +2 dire flail of draining
Missiles
 c - 10 poisoned darts
 f - 5 atropa-tipped darts
 y - 4 javelins
Armour
 j - a +0 ring mail
 l - a +0 buckler
 z - quicksilver dragon scales (worn)
Jewellery
 q - an amulet of reflection
 A - an amulet of the acrobat (around neck)
 D - a ring of magical power
Wands
 u - a wand of polymorph (4)
 B - a wand of paralysis (12)
Scrolls
 d - 2 scrolls of immolation
 e - a scroll of vulnerability {unknown}
 g - 3 scrolls of amnesia
 h - a scroll of brand weapon {unknown}
 i - 5 scrolls of fear
 k - 2 scrolls of teleportation {unknown}
 t - a scroll of torment
 C - a scroll of enchant weapon {unknown}
Potions
 m - 2 potions of brilliance
 n - 5 potions of curing
 o - a potion of berserk rage
 p - 2 potions of lignification {unknown}
 r - 2 potions of ambrosia
 s - a potion of cancellation
 v - 2 potions of resistance
 x - a potion of attraction {unknown}


   Skills:
 + Level 8.5 Fighting
 * Level 11.5 Ranged Weapons
 + Level 6.1 Armour
 - Level 2.1 Dodging
 - Level 0.7 Stealth


You had 8 spell levels left.
You didn't know any spells.
Your spell library contained the following spells:

 Spells                   Type           Power      Damage    Failure   Level
 Magic Dart               Conj           0%         1d3       65%         1
 Ensorcelled Hibernation  Hex/Ice        0%         N/A       80%         2
 Lesser Beckoning         Tloc           0%         N/A       80%         2
 Searing Ray              Conj           0%         2d4       80%         2
 Call Canine Familiar     Summ           0%         N/A       95%         3
 Gell's Gravitas          Tloc           0%         N/A       95%         3
 Portal Projectile        Hex/Tloc       0%         N/A       95%         3
 Spider Form              Tmut/Pois      0%         N/A       95%         3
 Teleport Other           Tloc           0%         N/A       95%         3
 Anguish                  Hex/Necr       0%         N/A       100%        4
 Fulminant Prism          Conj/Hex       0%         3d5       100%        4
 Leda's Liquefaction      Hex/Erth       0%         N/A       100%        4


Dungeon Overview and Level Annotations

Branches:
Dungeon (6/15)
 Temple: D:4-7

Altars:
Cheibriados
Kikubaaqudgha

Annotations:
D:4 3 runed translucent doors, Spock's ghost, amateur FeVM; TheBioAlchemist's ghost, amateur NaTm
D:6 Maggie


Innate Abilities, Weirdness & Mutations

You have a pair of horns on your head.
You reflexively headbutt those who attack you in melee.


Message History

You shoot an arrow.
The arrow hits Maggie but does no damage.
Maggie is heavily wounded.
You shoot an arrow. The arrow closely misses Maggie.
Maggie mumbles some strange words.
Maggie attempts to bespell you!
You are mesmerised by Maggie!
You shoot an arrow. The arrow closely misses Maggie.
Maggie hits you with a +2 morningstar of flaming!
Maggie burns you.
You shoot an arrow. The arrow hits Maggie!
Maggie is severely wounded.
Maggie hits you but does no damage.
You shoot an arrow. The arrow closely misses Maggie.
Maggie hits you with a +2 morningstar of flaming.
Maggie burns you.
You are too injured to fight recklessly!
You shoot an arrow.
The arrow hits Maggie but does no damage.
Maggie is severely wounded.
Maggie barely misses you.
You shoot an arrow. The arrow completely misses Maggie.
Maggie hits you with a +2 morningstar of flaming.
Maggie burns you.
You shoot an arrow. The arrow closely misses Maggie.
Maggie gives herself a magical halo, but it quickly sputters out.
Maggie closely misses you.
You shoot an arrow. The arrow barely misses Maggie.
Maggie hits you with a +2 morningstar of flaming.
Maggie burns you.
You shoot an arrow. The arrow hits Maggie!
Maggie is almost dead.
Maggie hits you with a +2 morningstar of flaming!
* * * LOW HITPOINT WARNING * * *
Maggie burns you.
* * * LOW HITPOINT WARNING * * *
You shoot an arrow. The arrow barely misses Maggie.
Maggie casts a spell at you. The bolt of fire hits you!!
You die...

#.#..#.#...#.#..##.#
#....
#.#..#.+...+.#..#..#
.....
#.+..+###+###'..'.##
###..#.......#..###
#..#.......#..#
###'###+###+### #..#
..#..#
##.###...##..#
###....@@.....#
#..............
#..............
##..........##.
#.........##
#...<...###
##.....## ###.### ..


You could see Maggie (mesmerising).

Vanquished Creatures
  Pikel (D:5)
  Sigmund (D:2)
  5 yaks
  Eustachio (D:4)
  Menkaure (D:5)
  Edmund (D:5)
  A black bear (D:5)
  An ogre (D:5)
  A lemure (D:5)
  Blork the orc (D:5)
  A necrophage (D:5)
  2 wights (D:5)
  2 centaur zombies (D:5)
  5 hounds
  A bullfrog zombie (D:5)
  A jelly (D:4)
  A human zombie (D:5)
  A sleepcap (D:5)
  2 iguanas
  A scorpion zombie (D:5)
  A hound zombie (D:5)
  A howler monkey zombie (D:5)
  A mummy (D:5)
  10 adders
  3 gnolls (D:3)
  A shadow imp (D:5)
  An adder zombie (D:5)
  3 worms
  5 dart slugs
  7 orcs
  4 endoplasms
  5 giant cockroaches
  5 goblins
  11 hobgoblins
  2 jackals (D:3)
  12 ball pythons
  5 bats
  A frilled lizard (D:1)
  7 kobolds
  8 rats
124 creatures vanquished.

Notes
Turn   | Place    | Note
-------+----------+-------------------------------------------
     0 | D:1      | porpoise the Minotaur Hunter began the quest for the Orb.
     0 | D:1      | Reached XP level 1. HP: 18/18 MP: 0/0
   533 | D:1      | Reached XP level 2. HP: 25/25 MP: 1/1
   865 | D:2      | Reached skill level 5 in Ranged Weapons
   988 | D:2      | Reached XP level 3. HP: 21/31 MP: 2/2
  1031 | D:2      | Noticed Sigmund
  1048 | D:2      | Killed Sigmund
  1049 | D:2      | Reached skill level 6 in Ranged Weapons
  1049 | D:2      | Reached XP level 4. HP: 36/41 MP: 3/3
  1049 | D:2      | Reached XP level 5. HP: 42/47 MP: 4/4
  1242 | D:2      | Found a faded altar of an unknown god.
  1726 | D:3      | Reached skill level 7 in Ranged Weapons
  1747 | D:3      | Reached XP level 6. HP: 53/53 MP: 5/5
  2915 | D:4      | Found a runed translucent gate.
  2915 | D:4      | Found a runed translucent gate.
  2915 | D:4      | Found a runed translucent gate.
  2915 | D:4      | Noticed Spock's ghost (amateur FeVM)
  2915 | D:4      | Noticed TheBioAlchemist's ghost (amateur NaTm)
  2931 | D:4      | Reached skill level 5 in Fighting
  3104 | D:4      | Noticed Eustachio
  3127 | D:4      | Killed Eustachio
  3128 | D:4      | Reached skill level 8 in Ranged Weapons
  3128 | D:4      | Reached XP level 7. HP: 9/61 MP: 6/6
  3938 | D:5      | Entered Level 5 of the Dungeon
  3954 | D:5      | Reached skill level 1 in Armour
  4242 | D:5      | Found an ancient bone altar of Kikubaaqudgha.
  4543 | D:5      | Reached skill level 9 in Ranged Weapons
  4656 | D:5      | Reached XP level 8. HP: 71/71 MP: 7/7
  4665 | D:5      | Noticed Blork the orc
  4676 | D:5      | Killed Blork the orc
  4779 | D:5      | Noticed Edmund
  4785 | D:5      | Killed Edmund
  5000 | D:4      | Reached skill level 10 in Ranged Weapons
  5105 | D:5      | Noticed Menkaure
  5109 | D:5      | Killed Menkaure
  5342 | D:5      | Reached skill level 5 in Armour
  5535 | D:5      | Reached XP level 9. HP: 81/81 MP: 8/8
  5612 | D:5      | Reached skill level 11 in Ranged Weapons
  5842 | D:6      | Noticed Pikel
  5896 | D:5      | Killed Pikel
  6044 | D:6      | Found a snail-covered altar of Cheibriados.
  6209 | D:6      | Noticed Maggie
  6227 | D:6      | Killed from afar by Maggie

Illustrated notes

Levels and vault maps discovered:
D:1:      dpeg_arrival_round_c, layout_basic, minmay_misc_feat_tiny
D:2:      minmay_razor_zed, layout_basic,
          shapermc_ecumenical_altar_mp_urbaneastern, uniq_sigmund
D:3:      minmay_evil_eye, layout_basic
D:4:      layout_cave_pods, gammafunk_ghost_cemetery, uniq_eustachio
D:5:      layout_cave_pools, lemuel_mausoleum_altar_kikubaaqudgha,
          uniq_menkaure, uniq_blork_the_orc, uniq_edmund
D:6:      layout_cave_pods, amethyst_overflow_temple_binary,
          mainiacjoe_overflow_24_doors, temple_statues, minivault_1,
          hangedman_decor_slide_cut, minmay_a_box_with_orc_wizards_in_it,
          uniq_maggie, uniq_pikel, uniq_prince_ribbit1

Skill      XL: |  1  2  3  4  5  6  7  8  9 |
---------------+----------------------------+-----
Fighting       | 3 4 5 6 7 8 |  8.5
Ranged Weapons | 5 6 7 8 9 10 11 | 11.5
Armour         | 2 5 6 |  6.1
Dodging        | |  2.1
Stealth        | |  0.7

Action                     |  1- 3 |  4- 6 |  7- 9 || total
---------------------------+-------+-------+-------++-------
  Melee: Short sword       |     4 |       |       ||     4
         Morningstar       |       |       |    16 ||    16
         Headbutt          |       |       |     6 ||     6
         Dire flail        |       |       |    13 ||    13
   Fire: Shortbow          |    57 |   174 |   248 ||   479
    Use: Potion            |     1 |       |       ||     1
         Scroll            |       |     2 |     7 ||     9
 Armour: Ring mail         |    12 |    30 |     3 ||    45
         Quicksilver drago |       |       |    59 ||    59
  Dodge: Dodged            |    28 |    43 |   116 ||   187
  Block: Other             |       |    22 |     6 ||    28
